 Dungeon Crawl Stone Soup version 0.23.1 (webtiles) character file.

Game seed: 2004890797436041307

662 Borgoz the Sneak (level 7, -1/56 HPs)
             Began as a Ghoul Enchanter on Mar 10, 2019.
             Was an Initiate of Ashenzari.
             Killed by divine providence
             ... invoked by an orc priest
              (15 damage)
             ... on level 6 of the Dungeon.
             The game lasted 00:14:24 (5007 turns).

Borgoz the Sneak (Ghoul Enchanter)                  Turns: 5007, Time: 00:14:24

Health: -1/56      AC:  7    Str: 12    XL:     7   Next: 56%
Magic:  5/10       EV: 13    Int: 10    God:    Ashenzari [......]
Gold:   239        SH:  0    Dex: 11    Spells: 3/11 levels left

rFire    . . .     SeeInvis .   a - +0 rapier
rCold    + . .     Gourm    .   (no shield)
rNeg     + + +     Faith    .   l - +2 robe {rN+}
rPois    ∞         Spirit   .   (no helmet)
rElec    .         Reflect  .   (no cloak)
rCorr    .         Harm     .   (no gloves)
MR       .....                  (no boots)
Stlth    +++.......             f - amulet of magic regeneration
HPRegen  0.00/turn              k - +3 ring of protection
MPRegen  0.37/turn              (no ring)

@: rotting
A: rotting body, claws 1, carnivore, cold resistance 1, negative energy
resistance 3, inhibited regeneration, torment resistance, unbreathing
a: Curse Item, Renounce Religion


You were on level 6 of the Dungeon.
You worshipped Ashenzari.
Ashenzari was noncommittal.
You were not hungry.

You visited 2 branches of the dungeon, and saw 7 of its levels.

You collected 239 gold pieces.

Inventory:

Hand Weapons
 a - a +0 rapier (weapon)
 b - a +0 blowgun
Missiles
 e - 4 tomahawks
 i - 35 poisoned needles
 n - 4 throwing nets (quivered)
Armour
 l - a +2 robe of positive energy (worn)
Jewellery
 f - an amulet of magic regeneration (around neck)
 k - a +3 ring of protection (left claw)
Wands
 m - a wand of polymorph (7)
Scrolls
 c - 2 scrolls of enchant armour
 g - a scroll of teleportation {unknown}
 h - 2 scrolls of identify
 o - 3 scrolls of remove curse
 p - a scroll of random uselessness {unknown}
 s - a scroll of enchant weapon {unknown}
Potions
 j - 2 potions of curing
Comestibles
 d - 8 rations
 t - a chunk of flesh


   Skills:
 + Level 2.6 Fighting
 * Level 3.4 Short Blades
 + Level 1.9 Armour
 + Level 2.8 Dodging
 + Level 4.6 Stealth
 + Level 2.7 Spellcasting
 * Level 3.9 Hexes


You had 3 spell levels left.
You knew the following spells:

 Your Spells              Type           Power        Failure   Level  Hunger
a - Corona                Hex            #......      5%          1    ##.....
b - Ensorcelled Hibernat  Hex/Ice        #.....       19%         2    ###....
c - Confuse               Hex            #.......     17%         3    ####...
d - Blink                 Tloc           N/A          41%         2    ###....

Your spell library contained the following spells:

 Spells                   Type           Power        Failure   Level  Hunger
 Slow                     Hex            #.......     9%          2    ###....
 Tukima's Dance           Hex            #.......     17%         3    ####...
 Animate Skeleton         Necr           N/A          28%         1    ##.....
 Magic Dart               Conj           #...         28%         1    ##.....
 Pain                     Necr           #...         28%         1    ##.....
 Dazzling Spray           Conj/Hex       #.....       36%         3    ####...
 Call Imp                 Summ           #.......     41%         2    ###....
 Conjure Flame            Conj/Fire      #.......     65%         3    ####...
 Mephitic Cloud           Conj/Pois/Air  #.......     65%         3    ####...
 Regeneration             Chrm/Necr      #.........   65%         3    ####...
 Vampiric Draining        Necr           #.........   65%         3    ####...
 Animate Dead             Necr           N/A          96%         4    #####..


Dungeon Overview and Level Annotations

Branches:
Dungeon (6/15)             Temple (1/1) D:5

Altars:
Ashenzari
Cheibriados
Dithmenos
Elyvilon
Fedhas
Gozag
Hepliaklqana
Kikubaaqudgha
Makhleb
Nemelex Xobeh
Okawaru
Qazlal
Ru
Sif Muna
Trog
Uskayaw
Vehumet
Wu Jian
Xom
Yredelemnul
Zin
The Shining One

Annotations:
D:5 1 runed translucent door, Dowan; Duvessa; EtherCrawl's ghost, amateur GnAr


Innate Abilities, Weirdness & Mutations

Your body is rotting away.
You thrive on raw meat.
You are immune to poison.
You have sharp fingernails.
You are carnivorous and can eat meat at any time.
Your flesh is cold resistant. (rC+)
You are immune to negative energy. (rN+++)
You do not regenerate when monsters are visible.
You are immune to unholy pain and torment.
You can survive without breathing.


Message History

Press: ? - help, Shift-Dir - straight line, f - orc priest
Aim: an orc priest, wielding a +0 whip and wearing a +0 scale mail (inner flame, chance to defeat MR: 37%)
The orc priest looks drowsy...
Casting: Ensorcelled Hibernation (safe; 19% risk of failure)
Confirm with . or Enter, or press ? or * to list all spells.
Aiming: Ensorcelled Hibernation (safe; 19% risk of failure)
Press: ? - help, Shift-Dir - straight line, f - orc priest, p - orc priest
Aim: an orc priest, wielding a +0 dagger (chance to defeat MR: 37%)
The orc priest easily resists.
The orc priest barely misses you.
The orc priest shouts!
Casting: Ensorcelled Hibernation (safe; 19% risk of failure)
Confirm with . or Enter, or press ? or * to list all spells.
Aiming: Ensorcelled Hibernation (safe; 19% risk of failure)
Press: ? - help, Shift-Dir - straight line, f/p - orc priest
Aim: an orc priest, wielding a +0 dagger (chance to defeat MR: 37%)
The orc priest easily resists.
You hear an angry hiss.
The orc priest calls down the wrath of Beogh upon you.
Beogh smites you!
You die...

.l.......o...##......
#.....lo##oo......#.#.
#...............!....o
.........o......... o
##..#.##..##.........
...#..#†###.......?..
#..#l#(# #..........
#l#oo(# ....###..
#.@o### .... #....#
#..#..# ..........
..#.##....... ... ..
.#...... .. ...
........ . ##..
........ #. ..# ..


You could see a wyvern, an iguana (inner flame) and 3 orc priests.

Vanquished Creatures
  An ogre (D:4)
  A scorpion (D:4)
  A howler monkey (D:4)
  An orc wizard (D:6)
  Jessica (D:2)
  An iguana (D:5)
  3 worker ants
  A hound skeleton (D:5)
  16 gnolls
  4 adders
  2 shadow imps
  An ooze (D:1)
  3 worms
  A dart slug (D:1)
  5 leopard geckos
  16 orcs
  5 ball pythons
  4 giant cockroaches
  2 goblins
  A hobgoblin (D:1)
  11 jackals
  2 quokkas
  9 bats
  6 frilled lizards
  A jackal skeleton (D:4)
  8 kobolds
  A leopard gecko skeleton (D:4)
  A rat (D:1)
109 creatures vanquished.

Notes
Turn   | Place    | Note
-------+----------+-------------------------------------------
     0 | D:1      | Borgoz the Ghoul Enchanter began the quest for the Orb.
     0 | D:1      | Reached XP level 1. HP: 14/14 MP: 2/2
   109 | D:1      | Reached skill level 1 in Short Blades
   125 | D:1      | Reached XP level 2. HP: 8/20 MP: 3/3
   130 | D:1      | Learned a level 2 spell: Ensorcelled Hibernation
   684 | D:1      | Reached XP level 3. HP: 22/26 MP: 4/4
   952 | D:2      | Noticed Jessica
   958 | D:2      | Killed Jessica
  1114 | D:1      | Reached skill level 1 in Fighting
  1264 | D:1      | HP: 1/28 [gnoll/+0 whip (2)]
  1266 | D:1      | Reached XP level 4. HP: 32/35 MP: 2/6
  1893 | D:2      | Reached XP level 5. HP: 39/39 MP: 0/7
  2163 | D:2      | Reached skill level 1 in Armour
  2190 | D:2      | Reached skill level 4 in Stealth
  2417 | D:3      | Found a stormy altar of Qazlal.
  3124 | D:4      | Noticed an ogre
  3151 | D:4      | Reached XP level 6. HP: 42/48 MP: 8/8
  3262 | D:5      | Entered Level 5 of the Dungeon
  3262 | D:5      | Found a runed translucent door.
  3262 | D:5      | Noticed EtherCrawl's ghost (amateur GnAr)
  3745 | D:4      | Reached XP level 7. HP: 21/55 MP: 2/9
  4227 | D:5      | Learned a level 3 spell: Confuse
  4528 | D:5      | Found a staircase to the Ecumenical Temple.
  4547 | Temple   | Entered the Ecumenical Temple
  4626 | Temple   | Became a worshipper of Ashenzari the Shackled
  4636 | D:5      | Learned a level 2 spell: Blink
  4789 | D:5      | Noticed Duvessa
  4789 | D:5      | Noticed Dowan
  4984 | D:6      | Noticed a wyvern
  5007 | D:6      | Killed from afar by an orc priest

Skill      XL: |  1  2  3  4  5  6 |
---------------+-------------------+-----
Short Blades   | 1 2 3 |  3.4
Dodging        | 2 |  2.8
Spellcasting   | 2 |  2.7
Fighting       | 1 2 |  2.6
Hexes          | 3 |  3.9
Armour         | 1 |  1.9
Stealth        | 4 |  4.6

Action                   |  1- 3 |  4- 6 |  7- 9 || total
-------------------------+-------+-------+-------++-------
Melee: Dagger            |    89 |   235 |    50 ||   374
       Rapier            |       |       |    85 ||    85
 Cast: Ensorcelled Hiber |     6 |    62 |    24 ||    92
  Use: Potion            |     1 |     4 |     1 ||     6
       Scroll            |       |     6 |     2 ||     8
 Stab: Sleeping          |     7 |    36 |    14 ||    57
  Eat: Chunk             |     3 |    19 |    13 ||    35
Armor: Robe              |    30 |    94 |    41 ||   165
Dodge: Dodged            |    91 |   213 |    82 ||   386
